 Dungeon Crawl Stone Soup version 0.28-a0-667-g162e43154e (webtiles) character file.

Game seed: 15261280368568705778

81 Conn the Sneak (level 4, -1/27 HPs)
             Began as an Octopode Fire Elementalist on Oct 17, 2021.
             Slain by Ijyb (2 damage)
             ... on level 3 of the Dungeon.
             The game lasted 00:05:50 (2252 turns).

Conn the Sneak (Octopode Fire Elementalist)         Turns: 2252, Time: 00:05:50

Health: -1/27      AC:  1    Str:  7    XL:     4   Next: 42%
Magic:  7/7        EV: 13    Int: 18    God:
Gold:   72         SH:  0    Dex: 12    Spells: 7/8 levels left

rFire   + . .      SeeInvis .   d - +0 short sword
rCold   + . .      Faith    .   (no shield)
rNeg    . . .      Spirit   .   (helmet restricted)
rPois   +          Reflect  .   (no amulet)
rElec   +          Harm     .   (no ring)
rCorr   +          Rampage  .   (no ring)
Will    .....                   (no ring)
Stlth   ++........              (no ring)
HPRegen 0.09/turn               (no ring)
MPRegen 0.10/turn               (no ring)
                                (no ring)
                                (no ring)

@: silenced, resistant
A: almost no armour, amphibious, 8 rings, camouflage 1, gelatinous body 1,
(nimble swimmer 1), tentacles
a: no special abilities


You were on level 3 of the Dungeon.
You visited 1 branch of the dungeon, and saw 3 of its levels.

You collected 72 gold pieces.

Inventory:

Hand Weapons
 a - a +1 vorpal hunting sling
 c - a +0 dagger
 d - a +0 short sword (weapon)
Scrolls
 e - a scroll of amnesia
 f - a scroll of enchant armour
 i - a scroll of identify


   Skills:
 + Level 0.1 Fighting
 + Level 1.1 Short Blades
 + Level 2.1 Dodging
 + Level 4.3 Stealth
 + Level 2.6 Spellcasting
 + Level 1.1 Conjurations
 + Level 3.5 Fire Magic


You had 7 spell levels left.
You knew the following spells:

 Your Spells              Type           Power      Damage    Failure   Level
a - Foxfire               Conj/Fire      40%        2x1d6     6%          1

Your spell library contained the following spells:

 Spells                   Type           Power      Damage    Failure   Level
 Scorch                   Fire           30%        2d6       6%          2
 Conjure Flame            Conj/Fire      10%        6-21      19%         3
 Inner Flame              Hex/Fire       8%         N/A       24%         3
 Flame Wave               Conj/Fire      10%        3d4       54%         4


Dungeon Overview and Level Annotations

Branches:
Dungeon (3/15)

Altars:

Shops:
D:1 [

Annotations:
D:3 Ijyb


Innate Abilities, Weirdness & Mutations

You cannot wear most types of armour.
You are amphibious.
You can wear up to eight rings at the same time.
Your skin changes colour to match your surroundings (Stealth+).
Your rubbery body absorbs attacks. (AC +1, EV +1)
((You are camouflaged near water. (Stealth+)))
You have tentacles for arms and can constrict up to eight enemies at once.


Message History

Okay, then.
Ijyb zaps a wand.
The bolt of acid misses you.
As you read the scroll labelled DOCWEF JUTTAUK, it crumbles to dust.
It is a scroll of identify.
f - a scroll of enchant armour Ijyb zaps a wand.
The bolt of acid misses you.
The now-empty wand crumbles to dust.
Ijyb hits you but does no damage.
As you read the scroll labelled KAMOSM FESISYS, it crumbles to dust.
A profound silence engulfs you.
It was a scroll of silence.
Ijyb hits you with a +0 club.
You hit Ijyb. Your grab misses Ijyb.
Ijyb is heavily wounded.
Ijyb hits you with a +0 club. Ijyb closely misses you.
You aren't carrying any potions.
You barely miss Ijyb. Your grab misses Ijyb.
Ijyb is heavily wounded.
Ijyb barely misses you. Ijyb hits you with a +0 club.
* * * LOW HITPOINT WARNING * * *
Unknown command.
Unknown command.
Unknown command.
Unknown command.
There is a stone staircase leading up here.
You aren't carrying any potions.
Unknown command.
Unknown command.
You hit Ijyb. You grab Ijyb.
Ijyb is severely wounded.
You constrict Ijyb, but do no damage. Ijyb barely misses you.
Ijyb hits you with a +0 club.
* * * LOW HITPOINT WARNING * * *
You hit Ijyb but do no damage. You squeeze Ijyb.
Ijyb is almost dead.
You constrict Ijyb, but do no damage. Ijyb hits you with a +0 club.
* * * LOW HITPOINT WARNING * * *
You hit Ijyb but do no damage. You squeeze Ijyb, but do no damage.
Ijyb is almost dead.
You constrict Ijyb, but do no damage. Ijyb misses you.
Ijyb hits you with a +0 club.
You die...

....# .... #... #..#
########..# .#..
#......(.# ....
#........# .....
#......g## ... ..
#.>....@####.# ^.
##............#.#..
#....#####.........
#....#####.........
#..................
#...................
#.......####........
#....#..# ........
#### #..# ........


You could see Ijyb (fast).

Vanquished Creatures
  Robin (D:2)
  An adder (D:2)
  A worm (D:2)
  A dart slug (D:1)
  4 bats
  6 endoplasms
  A giant cockroach (D:1)
  11 goblins
  5 hobgoblins
  2 quokkas
  8 ball pythons
  2 frilled lizards (D:1)
  7 kobolds
  3 rats
53 creatures vanquished.

Vanquished Creatures (others)
  69 foxfires
69 creatures vanquished.

Grand Total: 122 creatures vanquished

Notes
Turn   | Place    | Note
-------+----------+-------------------------------------------
     0 | D:1      | Conn the Octopode Fire Elementalist began the quest for the
                  | Orb.
     0 | D:1      | Reached XP level 1. HP: 11/11 MP: 3/3
   261 | D:1      | Reached XP level 2. HP: 17/17 MP: 1/5
   320 | D:1      | Found a faded altar of an unknown god.
   388 | D:1      | Found Kavogay's Antique Armour Emporium.
   749 | D:1      | Reached XP level 3. HP: 21/21 MP: 6/6
   763 | D:1      | Reached skill level 3 in Stealth
  1538 | D:2      | Noticed Robin
  1644 | D:2      | Killed Robin
  1645 | D:2      | Reached skill level 4 in Stealth
  1645 | D:2      | Reached XP level 4. HP: 27/27 MP: 2/7
  1850 | D:2      | Reached skill level 1 in Short Blades
  2228 | D:3      | Noticed Ijyb
  2251 | D:3      | HP: 1/27 [Ijyb (5)]
  2252 | D:3      | Slain by Ijyb

Illustrated notes

Levels and vault maps discovered:
D:1:      dpeg_arrival_pits, layout_basic, ebering_ecumenical_altar_mist,
          serial_shops, shop, minivault_24
D:2:      layout_basic, uniq_robin
D:3:      layout_rooms, grunt_gozag_statues,
          nicolae_hepliaklqana_monster_ancestors, uniq_ijyb

Skill      XL: |  1  2  3  4 |
---------------+-------------+-----
Stealth        | 4 |  4.3
Short Blades   | 1 |  1.1
Fighting       | |  0.1
Dodging        | |  2.1
Spellcasting   | |  2.6
Conjurations   | |  1.1
Fire Magic     | |  3.5

Action                   |  1- 3 |  4- 6 || total
-------------------------+-------+-------++-------
Melee: Unarmed           |     2 |       ||     2
       Short sword       |    28 |    29 ||    57
       Dagger            |     3 |       ||     3
       Constrict         |     8 |     5 ||    13
       Tentacles         |     1 |     5 ||     6
Throw: Dart              |       |     3 ||     3
 Cast: Foxfire           |    33 |    10 ||    43
  Use: Scroll            |       |     3 ||     3
       Potion            |       |     2 ||     2
 Stab: Sleeping          |    14 |     5 ||    19
       Invisible         |       |     1 ||     1
Armor: Skin              |     4 |     4 ||     8
Dodge: Dodged            |    25 |    15 ||    40

Table legend: (Time is in decaauts)
 A = Elapsed time spent in this place.
 B = Non-inter-level travel time spent in this place.
 C = Inter-level travel time spent in this place.
 D = Time resting spent in this place.
 E = Time spent auto-exploring this place.
 F = Levels seen in this place.
 G = Mean time per level.
                   A        B        C        D        E       F      G
               +--------+--------+--------+--------+--------+-----+--------+
         Total |   2255 |   2196 |     59 |    146 |   1586 |   3 |  751.7 |
       Dungeon |   2255 |   2196 |     59 |    146 |   1586 |   3 |  751.7 |
               +--------+--------+--------+--------+--------+-----+--------+

Top non-repeatable levels by time:
     D:2: 1138 daAuts
     D:1: 1045 daAuts
     D:3: 72 daAuts
